 Dungeon Crawl Stone Soup version 0.21.1-1-g345015fe64 (webtiles) character file.

33 Ivernyr the Ogre Mage (level 3, -1/33 HPs)
             Began as an Ogre Wizard on Mar 31, 2018.
             Slain by an ogre
             ... wielding a +0 giant spiked club
              (34 damage)
             ... on level 2 of the Dungeon.
             The game lasted 00:03:55 (1105 turns).

Ivernyr the Ogre Mage (Ogre Wizard)                 Turns: 1105, Time: 00:03:55

Health: -1/33      AC:  3    Str: 11    XL:     3   Next: 29%
Magic:  8/8        EV: 10    Int: 20    God:
Gold:   80         SH:  0    Dex:  7    Spells: 8/9 levels left

rFire    . . .     SeeInvis .   a - +0 spear
rCold    . . .     Gourm    +   (no shield)
rNeg     . . .     Faith    .   k - +0 robe
rPois    .         Spirit   .   b - +0 hat
rElec    .         Reflect  .   (no cloak)
rCorr    .         Harm     .   (gloves unavailable)
MR       .....                  (boots unavailable)
Stlth    +.........             j - amulet of the gourmand
HPRegen  0.11/turn              (no ring)
MPRegen  0.11/turn              (no ring)

@: no status effects
A: large, unfitting armour, tough skin 1
a: no special abilities


You were on level 2 of the Dungeon.
You were not hungry.

You visited 1 branch of the dungeon, and saw 2 of its levels.

You collected 80 gold pieces.

Inventory:

Hand Weapons
 a - a +0 spear (weapon)
Armour
 b - a +0 hat (worn)
 k - a +0 robe (worn)
Jewellery
 j - an amulet of the gourmand (around neck)
Scrolls
 e - 2 scrolls of remove curse {unknown}
 g - a scroll of enchant weapon {unknown}
 h - a scroll of fog {unknown}
 m - a scroll of identify {unknown}
 n - a scroll of amnesia {unknown}
Potions
 f - a potion of degeneration {unknown}
 i - a potion of brilliance {unknown}
 l - a potion of haste {unknown}
Books
 c - a book of Minor Magic

   Spells                             Type                      Level
   a - Magic Dart                     Conjuration                  1
   b - Blink                          Translocation                2
   c - Call Imp                       Summoning                    2
   d - Slow                           Hexes                        2
   e - Conjure Flame                  Conjuration/Fire             3
   f - Mephitic Cloud                 Conjuration/Poison/Air       3
Comestibles
 d - 3 rations


   Skills:
 + Level 1.4 Fighting
 + Level 2.1 Dodging
 - Level 1.4 Stealth
 + Level 3.9 Spellcasting
 * Level 1.8 Conjurations
   Level 0.8 Summonings
   Level 0.8 Translocations


You had 8 spell levels left.
You knew the following spells:

 Your Spells              Type           Power        Failure   Level  Hunger
a - Magic Dart            Conj           ##..         6%          1    None


Dungeon Overview and Level Annotations

Branches:
Dungeon (2/15)

Altars:

Annotations:
D:2 Terence


Innate Abilities, Weirdness & Mutations

You are too large for most types of armour.
You have tough skin. (AC +1)


Message History

Casting: Magic Dart
Confirm with . or Enter, or press ? or * to list all spells.
Aiming: Magic Dart
Press: ? - help, Shift-Dir - straight line, f/p - hobgoblin
Aim: a hobgoblin (moderately wounded)
The magic dart hits the hobgoblin.
You kill the hobgoblin!
d - 3 rations (gained 1)
An ogre comes into view. It is wielding a giant spiked club.
The ogre shouts!
You hear a shout!
Things that are here:
a murky coppery potion; a hobgoblin corpse Terence the Incautious comes into view.
He is wielding a hand axe.
Found 3 gold pieces.
The ogre barely misses you.
You see here a rat skeleton.
There is a stone staircase leading up here.
The ogre hits you with a giant spiked club!!
Ouch! That really hurt!
You die...

#.# #........###.#[
#..##........##.#..
#..........#.#...#!
#.......#.......#.#
#>.................
#....#.#.....<.....
#..................
#.#..##...@....#...
#.@O..+............
####...##............
#.......÷...)........
#.......(.....†......
#....................
#....................
#....................
#######.(............
##.#+#.........


You could see an ogre.

Vanquished Creatures
  An adder (D:2)
  A giant cockroach (D:1)
  4 goblins (D:1)
  4 hobgoblins
  3 kobolds
  5 bats
  4 frilled lizards
  2 rats
24 creatures vanquished.

Notes
Turn   | Place    | Note
-------+----------+-------------------------------------------
     0 | D:1      | Ivernyr the Ogre Wizard began the quest for the Orb.
     0 | D:1      | Reached XP level 1. HP: 16/16 MP: 5/5
    45 | D:1      | Reached skill level 1 in Conjurations
   270 | D:1      | Reached XP level 2. HP: 26/26 MP: 1/6
   555 | D:1      | Reached skill level 1 in Fighting
   934 | D:2      | Reached XP level 3. HP: 26/33 MP: 0/8
  1088 | D:2      | Noticed an ogre
  1090 | D:2      | Noticed Terence
  1105 | D:2      | Slain by an ogre

Skill      XL: |  1  2 |
---------------+-------+-----
Conjurations   | 1 |  1.8
Dodging        | 2 |  2.1
Fighting       | 1 |  1.4
Stealth        | |  1.4
Spellcasting   | |  3.9
Summonings     | |  0.8
Translocations | |  0.8

Action                   || total
-------------------------++-------
Melee: Unarmed           ||     9
       Spear             ||    14
 Cast: Magic Dart        ||    42
  Eat: Chunk             ||     2
Armor: Robe              ||     6
Dodge: Dodged            ||     7
